 Dungeon Crawl Stone Soup version 0.28.0-47-ge53b351184 (webtiles) character file.

Game seed: 4343165571019731537

37 bobregger the Skirmisher (level 3, 0/41 HPs)
             Began as an Ogre Berserker on Apr 29, 2022.
             Was a Follower of Trog.
             Succumbed to an adder's poison
             ... on level 2 of the Dungeon.
             The game lasted 00:01:48 (1260 turns).

bobregger the Skirmisher (Ogre Berserker)           Turns: 1260, Time: 00:01:49

Health: 0/41       AC:  3    Str: 21    XL:     3   Next: 39%
Magic:  3/3        EV: 10    Int:  8    God:    Trog [*.....]
Gold:   1          SH:  5    Dex: 10    Spells: 2/2 levels left

rFire   . . .      SeeInvis .   a - +0 mace
rCold   . . .      Faith    .   (no shield)
rNeg    . . .      Spirit   .   b - +0 animal skin
rPois   .          Reflect  +   (helmet restricted)
rElec   .          Harm     .   (no cloak)
rCorr   .          Rampage  .   (gloves unavailable)
Will    .....                   (boots unavailable)
Stlth   +.........              e - amulet of reflection
HPRegen 0.13/turn               (no ring)
MPRegen 0.08/turn               (no ring)

@: lethally poisoned (0 -> -6), on berserk cooldown, slowed, very slow
A: large, unfitting armour, tough skin 1
a: Renounce Religion, Berserk


You were on level 2 of the Dungeon.
You worshipped Trog.
Trog was aware of your devotion.
You visited 1 branch of the dungeon, and saw 2 of its levels.

You collected 1 gold pieces.

Inventory:

Hand Weapons
 a - a +0 mace (weapon)
Armour
 b - a +0 animal skin (worn)
Jewellery
 e - an amulet of reflection (around neck)
Scrolls
 c - a scroll of brand weapon {unknown}
 d - a scroll of identify {unknown}
 f - a scroll of teleportation {unknown}
Potions
 g - 2 potions of berserk rage {unknown}


   Skills:
 * Level 4.8 Fighting
 + Level 3.0 Maces & Flails
 * Level 3.2 Dodging


You had 2 spell levels left.
You didn't know any spells.
Your spell library was empty.

Dungeon Overview and Level Annotations

Branches:
Dungeon (2/15)

Altars:

Annotations:
D:2 Natasha


Innate Abilities, Weirdness & Mutations

You are too large for most types of armour.
You have tough skin. (AC +1)


Message History

A ball python comes into view.
The adder bites you.
You are poisoned.
The adder poisons you!
You see here an adder corpse.
You feel a strong urge to attack something.
You feel sick. The adder barely misses you.
You feel sick.
You feel your anger nearly subside.
You are no longer berserk.
You are exhausted.
You feel yourself slow down.
You feel sick. The adder closely misses you.
You feel sick. You block the adder's attack. The adder barely misses you.
You feel sick.
You are no longer poisoned.
The adder bites you. x2; The adder closely misses you.
The adder bites you.
You are poisoned.
The adder poisons you! The adder barely misses you.
The adder bites you but does no damage. The adder bites you.
You are more poisoned.
The adder poisons you!
You feel very sick. You block the adder's attack. The adder bites you.
You feel sick. You block the adder's attack.
Found a stone staircase leading up.
You feel sick. The adder bites you.
* * * LOW HITPOINT WARNING * * *
You are more poisoned.
The adder poisons you!
You feel very sick. The adder bites you.
* * * LOW HITPOINT WARNING * * *
You are lethally poisoned!
The adder poisons you! The adder bites you but does no damage.
* * * LOW HITPOINT WARNING * * *
You feel very sick. You block the adder's attack.
The adder bites you but does no damage. The adder barely misses you.
* * * LOW HITPOINT WARNING * * *
You feel sick.
You die...

.#.##..#....†..†...#....
## ##..........###.....
# ..........#..# ......
....###.....#.##......
.... ...###.#.>=......
##. ###.# #..SS#...... #
...#####.#......
$.......S........
..#####@#......
#.#...... #.# ...<. #.#
..... ... .... ### ....


You could see 2 adders and a ball python.

Vanquished Creatures
  An adder (D:2)
  A worm (D:2)
  2 dart slugs
  A bat (D:1)
  3 endoplasms (D:1)
  A giant cockroach (D:2)
  2 hobgoblins (D:1)
  2 quokkas (D:1)
  3 ball pythons (D:1)
  2 frilled lizards (D:1)
  3 rats (D:1)
21 creatures vanquished.

Notes
Turn   | Place    | Note
-------+----------+-------------------------------------------
     0 | D:1      | bobregger the Ogre Berserker began the quest for the Orb.
     0 | D:1      | Reached XP level 1. HP: 24/24 MP: 1/1
    79 | D:1      | You fall into a shaft and drop 1 floor!
    90 | D:2      | Noticed Natasha
   100 | D:2      | Noticed a crimson imp
   351 | D:1      | Reached XP level 2. HP: 22/33 MP: 2/2
   509 | D:1      | Found a faded altar of an unknown god.
  1209 | D:2      | Reached XP level 3. HP: 40/40 MP: 3/3
  1259 | D:2      | HP: 1/41 [poisoned by an adder]
  1260 | D:2      | Succumbed to an adder's poison

Illustrated notes

Levels and vault maps discovered:
D:1:      sevenhm_arrival_forest_fort_large_4, layout_basic,
          shapermc_ecumenical_altar_ellora, minmay_misc_feat_iff
D:2:      layout_rooms, hangedman_feature_mirror, uniq_natasha

Skill      XL: |  1  2  3 |
---------------+----------+-----
Dodging        | 3 |  3.2
Maces & Flails | 3 |  3.0
Fighting       | |  4.8

Action                   || total
-------------------------++-------
Melee: Mace              ||    65
Invok: Berserk           ||     1
Armor: Animal skin       ||    23
Dodge: Dodged            ||    49
Block: Other             ||     7
       Reflection        ||     1
